 Dungeon Crawl Stone Soup version 0.30.1-11-g7821555f0a (webtiles) character file.

Game seed: 1632111591324779463

714 andronian the Trooper (level 8, 0/62 HPs)
             Began as a Human Monk on Nov 25, 2023.
             Slain by a black bear (8 damage)
             ... on level 5 of the Dungeon.
             The game lasted 00:08:55 (3242 turns).

andronian the Trooper (Human Monk)                  Turns: 3242, Time: 00:08:55

Health: 0/62       AC:  0    Str: 12    XL:     8   Next: 1%
Magic:  8/8        EV: 15    Int: 10    God:
Gold:   217        SH:  0    Dex: 18    Spells: 7/7 levels left

rFire   . . .        m - +3 dagger (elec)
rCold   . . .        d - orb {light}
rNeg    . . .        (no body armour)
rPois   .            (no helmet)
rElec   .            (no cloak)
rCorr   .            (no gloves)
SInv    .            (no boots)
Will    .....        (no amulet)
Stlth   +            (no ring)
HPRegen 0.30/turn    (no ring)
MPRegen 0.11/turn

%: no passive effects
@: glowing
A: no striking features
a: no special abilities


You were on level 5 of the Dungeon.
You visited 1 branch of the dungeon, and saw 5 of its levels.

You collected 217 gold pieces.

Inventory:

Hand Weapons
 a - a +0 hand axe
 e - a +0 short sword
 g - a +3 halberd
 l - a +0 long sword
 m - a +3 dagger of electrocution (weapon)
 p - a +5 heavy flail
 y - a +0 hand axe of venom
 D - a +0 war axe
 E - a +1 short sword of venom
Missiles
 f - 5 poisoned darts (quivered)
Armour
 b - a +0 robe
 d - an orb of light (worn)
 r - a +3 scale mail of poison resistance
 C - a +0 ring mail
Wands
 k - a wand of charming (6)
Scrolls
 h - a scroll of identify
 j - a scroll of amnesia
 n - a scroll of magic mapping
 w - a scroll of fear
Potions
 c - a potion of ambrosia
 i - a potion of degeneration {unknown}
 o - a potion of brilliance
 q - 2 potions of cancellation {unknown}
 t - 2 potions of curing
 u - 3 potions of attraction
 v - a potion of mutation


   Skills:
 + Level 5.3 Fighting
 - Level 0.9(2.5) Short Blades
 - Level 3.8(3.9) Long Blades
 - Level 3.2 Axes
 + Level 2.5 Armour
 * Level 5.2 Dodging


You had 7 spell levels left.
You didn't know any spells.
Your spell library contained the following spells:

 Spells                   Type           Power      Damage    Failure   Level
 Slow                     Hex            0%         N/A       36%         1
 Lesser Beckoning         Tloc           0%         N/A       50%         2
 Confusing Touch          Hex            0%         N/A       75%         3
 Dazzling Flash           Conj/Hex       0%         N/A       75%         3
 Gell's Gravitas          Tloc           0%         N/A       75%         3
 Inner Flame              Hex/Fire       0%         N/A       75%         3
 Teleport Other           Tloc           0%         N/A       75%         3
 Vampiric Draining        Necr           0%         2d6       75%         3
 Flame Wave               Conj/Fire      0%         2d4       98%         4
 Sticky Flame             Conj/Fire      0%         2d3       98%         4
 Agony                    Necr           0%         N/A       100%        5
 Silence                  Hex/Air        0%         N/A       100%        5


Dungeon Overview and Level Annotations

Branches:
Dungeon (5/15)
 Temple: D:4-7

Altars:
Gozag
Qazlal

Shops:
D:5 *

Annotations:
D:3 Pargi


Message History

You hit the orc. Lightning courses through the orc!
You kill the orc!
You feel sick.
You hit the orc but do no damage.
You feel sick.
You hit the orc but do no damage.
You feel sick. The orc hits you with a +0 mace.
* * * LOW HITPOINT WARNING * * *
You hit the orc but do no damage.
You feel sick. The orc misses you.
You hit the orc.
The orc is heavily wounded.
You feel sick. The orc hits you but does no damage.
You hit the orc.
The orc is severely wounded.
You feel sick. The orc barely misses you.
You hit the orc but do no damage.
The orc is severely wounded.
You feel sick. The orc misses you.
You barely miss the orc.
The orc is severely wounded.
You feel sick.
You are no longer poisoned.
The orc barely misses you.
You hit the orc but do no damage. Lightning courses through the orc!
You kill the orc!
A black bear comes into view.
The black bear growls angrily.
You start removing your armour.
You continue taking off your +0 ring mail. x4
You finish taking off your +0 ring mail.
You start putting on your armour.
You continue putting on your +3 scale mail of poison resistance.
The black bear bites you.
Keep equipping yourself?
* * * LOW HITPOINT WARNING * * *
The black bear claws you.
* * * LOW HITPOINT WARNING * * *
The black bear barely misses you.
You continue putting on your +3 scale mail of poison resistance.
The black bear bites you!
You die...

........ .......# ...h..
.... #### #.#####.....
#.......# ######†...#
####......##.############
#....#######...h@))......
#....# ########......
#....#### .....
#.......## ..##
#....##..# .#∩
###..###.#### ##
###.####....#### .
.......)........
........#####...


You could see a black bear.

Vanquished Creatures
  The ghost of OlManJenkins the Chiller, an amateur HuIE (D:4)
  Edmund (D:5)
  A centaur (D:5)
  A scorpion (D:5)
  A gnoll bouda (D:4)
  Jessica (D:2)
  Terence (D:3)
  An iguana (D:5)
  An orc wizard (D:3)
  6 adders
  6 gnolls
  3 dart slugs
  10 orcs
  5 bats
  13 endoplasms
  A giant cockroach (D:1)
  9 hobgoblins
  9 kobolds
  4 quokkas
  6 ball pythons
  4 frilled lizards
  6 goblins
  5 rats
96 creatures vanquished.

Notes
Turn   | Place    | Note
-------+----------+-------------------------------------------
     0 | D:1      | andronian the Human Monk began the quest for the Orb.
     0 | D:1      | Reached XP level 1. HP: 18/18 MP: 1/1
    98 | D:1      | Reached XP level 2. HP: 19/24 MP: 2/2
   259 | D:1      | Reached XP level 3. HP: 23/29 MP: 3/3
   619 | D:1      | Reached skill level 1 in Long Blades
   693 | D:2      | Reached XP level 4. HP: 26/37 MP: 4/4
   942 | D:2      | Got the Discursus on Interference
  1037 | D:2      | Noticed Jessica
  1048 | D:2      | Killed Jessica
  1049 | D:2      | Reached XP level 5. HP: 15/42 MP: 5/5
  1411 | D:3      | Noticed Terence
  1419 | D:3      | Killed Terence
  1499 | D:3      | Found a stormy altar of Qazlal.
  1516 | D:3      | Reached XP level 6. HP: 37/49 MP: 6/6
  1685 | D:3      | Noticed Pargi
  1913 | D:4      | Found a runed translucent door.
  1913 | D:4      | Noticed OlManJenkins's ghost (amateur HuIE)
  2366 | D:4      | Found an opulent altar of Gozag.
  2858 | D:4      | Killed OlManJenkins's ghost
  2859 | D:4      | Reached skill level 1 in Armour
  2859 | D:4      | Reached XP level 7. HP: 51/55 MP: 7/7
  2884 | D:5      | Entered Level 5 of the Dungeon
  2912 | D:5      | HP: 1/55 [iguana (11)]
  2931 | D:5      | Reached skill level 5 in Fighting
  3113 | D:5      | Noticed Edmund
  3132 | D:5      | Killed Edmund
  3133 | D:5      | Reached skill level 5 in Dodging
  3213 | D:5      | Reached XP level 8. HP: 57/62 MP: 8/8
  3213 | D:5      | Found Wilalos's General Store.
  3242 | D:5      | Slain by a black bear

Illustrated notes

Levels and vault maps discovered:
D:1:      amcnicky_arrival_double_pillar, layout_basic
D:2:      layout_rooms, uniq_jessica
D:3:      layout_rooms, general_overflow_altar, grunt_ministairs_1, uniq_pargi,
          uniq_crazy_yiuf_cottage, uniq_terence
D:4:      layout_loops_cross, mainiacjoe_overflow_surrounded_room,
          hellmonk_ghost_happy_afterlife, grunt_ministairs_5,
          kennysheep_generic_room_4
D:5:      layout_rooms, overflow_temple_1_default, serial_shops,
          nicolae_shop_window_shopping, uniq_edmund

Skill      XL: |  1  2  3  4  5  6  7 |
---------------+----------------------+-----
Long Blades    | 1 2 3 |  3.8
Fighting       | 4 5 |  5.3
Armour         | 1 2 |  2.5
Dodging        | 4 5 |  5.2
Short Blades   | |  0.9
Axes           | |  3.2

Action                     |  1- 3 |  4- 6 |  7- 9 || total
---------------------------+-------+-------+-------++-------
  Melee: Hand axe          |    14 |       |       ||    14
         Dagger            |    63 |   148 |    51 ||   262
    Use: Scroll            |       |    13 |       ||    13
         Potion            |       |     4 |     5 ||     9
 Armour: Robe              |    16 |     6 |       ||    22
         Ring mail         |       |    16 |    12 ||    28
         Skin              |       |       |     3 ||     3
  Dodge: Dodged            |    46 |    76 |    43 ||   165
